 Dungeon Crawl Stone Soup version 0.31-a0-931-g7b59d4eb97 (webtiles) character file.

Game seed: 9324183335249657685

35 kae the Vexing (level 3, 0/24 HPs)
             Began as a Demonspawn Enchanter on Oct 19, 2023.
             Succumbed to an orc's poison
             ... on level 3 of the Dungeon.
             The game lasted 00:02:35 (1322 turns).

kae the Vexing (Demonspawn Enchanter)               Turns: 1322, Time: 00:02:35

Health: 0/24       AC:  4    Str:  8    XL:     3   Next: 16%
Magic:  6/6        EV: 12    Int: 18    God:
Gold:   83         SH:  0    Dex: 13    Spells: 4/6 levels left

rFire   . . .        a - +1 dagger
rCold   . . .        (no shield)
rNeg    . . .        b - +0 robe
rPois   .            (no helmet)
rElec   .            (no cloak)
rCorr   .            l - +0 pair of gloves
SInv    .            d - +0 pair of boots
Will    .....        (no amulet)
Stlth   ++           (no ring)
HPRegen 0.24/turn    (no ring)
MPRegen 0.10/turn

%: no passive effects
@: lethally poisoned (0 -> -8), invisible
A: powered by pain 1, sturdy frame 1
a: no special abilities


You were on level 3 of the Dungeon.
You visited 1 branch of the dungeon, and saw 3 of its levels.

You collected 198 gold pieces.
You spent 115 gold pieces at shops.


Innate Abilities, Weirdness & Mutations

You sometimes gain a little power by taking damage.
Your movements are slightly less encumbered by armour. (ER -2)


   Skills:
 * Level 1.6 Short Blades
 - Level 1.7 Dodging
 + Level 3.0 Stealth
 + Level 2.2 Spellcasting
 * Level 3.4 Hexes
 + Level 0.2 Ice Magic


You had 4 spell levels left.
You knew the following spells:

 Your Spells              Type           Power      Damage    Failure   Level
a - Ensorcelled Hibernat  Hex/Ice        16%        N/A       13%         2

Your spell library contained the following spells:

 Spells                   Type           Power      Damage    Failure   Level
 Confusing Touch          Hex            14%        N/A       13%         3
 Tukima's Dance           Hex            14%        N/A       13%         3
 Dazzling Flash           Conj/Hex       16%        N/A       26%         3
 Gell's Gravitas          Tloc           1%         N/A       47%         3
 Teleport Other           Tloc           1%         N/A       47%         3
 Dispersal                Tloc           0%         N/A       100%        6

Inventory:

Hand Weapons
 a - a +1 dagger (weapon)
Missiles
 e - 36 stones
 h - 6 atropa-tipped darts
 i - 3 javelins
 j - 3 poisoned darts
Armour
 b - a +0 robe (worn)
 d - a +0 pair of boots (worn)
   (You found it on level 1 of the Dungeon)
 l - a +0 pair of gloves (worn)
   (You found it on level 2 of the Dungeon)
Scrolls
 m - a scroll of blinking {!r}
 n - a scroll of teleportation {@r4}
Potions
 c - a potion of invisibility
 f - a potion of might
 g - a potion of resistance
 k - 2 potions of heal wounds {unknown}
 o - a potion of degeneration {unknown}

Dungeon Overview and Level Annotations

Branches:
Dungeon (3/15) Zot: 16686

Altars:
Wu Jian

Shops:
D:2 *:[=(

Annotations:
D:2 Terence

o.o....
o....
....
..# #.#
#o# #o#
#o# #@#
#.####
#..>.#
####.#
#.# #<#
###


You could see 3 orcs.


Message History

You see here the +2 robe of Fedhas's Fury {Fly rElec Will- Dex+2}.
You see here a +0 robe.
You see here a +0 long sword.
Partly explored, can't reach some items and places.
Partly explored, can't reach some items and places.
Partly explored, can't reach some items and places.
Partly explored, can't reach some items and places.
No target in view!
No target in view!
There is a stone staircase leading down here.
You climb downwards.
Found an escape hatch in the floor.
There is a stone staircase leading up here.
Okay, then.
Lua error: /dgldir/rcfiles/crawl-git/kae.rc:525: unexpected symbol near '#' 🤖 Initializing magus.rc ...
Bad monster_list_colour key: strict_neutral Bad channel name 'pray' for runrest: 'pray:' Options error: Missing colour in message_colour setting: 'that.*feels deathly cold' Options error: Missing colour in message_colour setting: 'and you must be Full or above to equip it' Options error: Missing colour in message_colour setting: 'but rights himself reflexively soon after' Options error: Missing colour in message_colour setting: 'before it is too late' ✅ Successfully initialized magus.rc [v1.11.3] Welcome back, kae the Demonspawn Enchanter.
Press ? for a list of commands and other information.
There is an escape hatch in the floor here.
An orc comes into view. It is wielding a +0 club.
The orc shouts!
An orc is nearby! 2 orcs come into view.
An orc is wielding a +1 dagger of venom.
The orc shouts!
An orc comes into view. It is wielding a +0 club.
You barely miss the orc. The orc hits you but does no damage.
You barely miss the orc. The orc hits you but does no damage.
You closely miss the orc. You hit the orc. The orc completely misses you.
You hit the orc. The orc hits you but does no damage.
You hit the orc but do no damage. The orc misses you.
You barely miss the orc. The orc closely misses you.
You hit the orc. The orc closely misses you.
You closely miss the orc. The orc hits you but does no damage.
You hit the orc but do no damage. The orc hits you but does no damage.
You closely miss the orc. The orc hits you with a +0 club.
The orc shouts!
You hit the orc. The orc closely misses you. 😕 HP[-2]
You take 2 damage, and now have 22/24 hp.
You closely miss the orc. The orc barely misses you.
You hit the orc.
You kill the orc! 😕 HP[+1]
You barely miss the orc.
The orc shouts!
The orc hits you with a +1 dagger of venom.
You barely miss the orc. 😕 HP[-2]
You take 2 damage, and now have 21/24 hp.
You closely miss the orc. The orc barely misses you.
You hit the orc. The orc misses you.
You barely miss the orc. The orc barely misses you.
You barely miss the orc. The orc misses you.
A worm comes into view. 😕 HP[+1]
You completely miss the orc.
The orc hits you with a +1 dagger of venom.
You are poisoned.
You closely miss the orc.
You feel very sick.
The orc hits you with a +1 dagger of venom.
You are lethally poisoned! 😮 HP[-8]
You take 8 damage, and now have 14/24 hp.
MASSIVE DAMAGE!! (PAUSE)
You fade into invisibility!
* * * LOW HITPOINT WARNING * * *
You feel very sick. The orc closely misses you. 😨 HP[-4]
You take 4 damage, and now have 10/24 hp.
You hit the orc.
* * * LOW HITPOINT WARNING * * *
You feel very sick. 😨 HP[-3]
You take 3 damage, and now have 7/24 hp.
You closely miss the orc.
* * * LOW HITPOINT WARNING * * *
You feel very sick. 😱 HP[-3]
You take 3 damage, and now have 4/24 hp.
Unknown command.
You closely miss the orc.
* * * LOW HITPOINT WARNING * * *
You feel sick. The orc misses you.
The orc throws a boomerang.
The boomerang hits the orc. 😱 HP[-2]
You take 2 damage, and now have 2/24 hp.
Unknown command.
You barely miss the orc.
You die...

Skill      XL: |  1  2 |
---------------+-------+-----
Short Blades   | 1 |  1.6
Stealth        | 3 |  3.0
Dodging        | |  1.7
Spellcasting   | |  2.2
Hexes          | |  3.4
Ice Magic      | |  0.2

Action                     || total
---------------------------++-------
  Melee: Dagger            ||   126
   Cast: Ensorcelled Hiber ||     5
    Use: Scroll            ||     2
         Potion            ||     1
   Stab: Sleeping          ||     7
 Armour: Robe              ||    56
  Dodge: Dodged            ||    70

Levels and vault maps discovered:
D:1:      amcnicky_arrival_gap_in_the_tavern_cellar, layout_basic, minmay_tall_x
D:2:      layout_rooms, basic_altar, serial_shops, shop, shop,
          nicolae_shop_bloodbath_and_beyond, shop, nicolae_square_shop,
          uniq_crazy_yiuf_cottage, uniq_terence
D:3:      layout_basic, uniq_sigmund

Notes
Turn   | Place    | Note
-------+----------+-------------------------------------------
     0 | D:1      | kae the Demonspawn Enchanter began the quest for the Orb.
     0 | D:1      | Reached XP level 1. HP: 13/13 MP: 3/3
     0 | D:1      | magus.rc [v1.11.3]
    32 | D:1      | Reached skill level 1 in Short Blades
   192 | D:1      | Gained mutation: You sometimes gain a little power by
                  | taking damage. [demonic ancestry]
   192 | D:1      | Reached XP level 2. HP: 19/19 MP: 5/5
   195 | D:1      | Learned a level 2 spell: Ensorcelled Hibernation
   251 | D:1      | You add the spells Gell's Gravitas, Teleport Other and
                  | Dispersal to your library.
   628 | D:2      | Found Soadum's Book Boutique.
   663 | D:2      | HP: 4/19 [kobold/+0 club (3)]
   736 | D:2      | Reached skill level 3 in Stealth
   831 | D:2      | Noticed Terence
   871 | D:2      | Found Luffia's General Store.
   879 | D:2      | Bought a scroll of blinking for 82 gold pieces
   879 | D:2      | Bought a scroll of teleportation for 33 gold pieces
   933 | D:2      | Found Ixoora's Armour Emporium.
   979 | D:2      | Found Gutuus's Weapon Emporium.
   987 | D:2      | Gained mutation: Your movements are slightly less
                  | encumbered by armour. (ER -2) [demonic ancestry]
   987 | D:2      | Reached XP level 3. HP: 22/24 MP: 6/6
  1042 | D:2      | Found Weanwujo's Jewellery Shop.
  1043 | D:2      | Found an ornate altar of the Wu Jian Council.
  1210 | D:2      | Identified the +2 robe of Fedhas's Fury {Fly rElec Will-
                  | Dex+2}
  1279 | D:3      | magus.rc [v1.11.3]
  1320 | D:3      | HP: 4/24 [poisoned by an orc]
  1322 | D:3      | Succumbed to an orc's poison

Vanquished Creatures
  2 worms (D:2)
  An orc (D:3)
  2 giant cockroaches
  2 goblins (D:1)
  4 hobgoblins (D:1)
  3 ball pythons (D:1)
  2 bats
  4 frilled lizards (D:1)
  6 kobolds
  2 rats (D:1)
28 creatures vanquished.

Table legend:
 A = Non-vault XP
 B = Vault XP
 C = Vault XP percentage of total XP
 D = Non-vault monster count
 E = Vault monster count
 F = Vault count percentage of total count
                 A         B        C        D         E       F
            +---------+---------+-------+---------+---------+-------
      Total |      45 |       5 |  10.0 |      24 |       4 |  14.3
            +---------+---------+-------+---------+---------+-------
        D:1 |      24 |       5 |  17.2 |      17 |       4 |  19.0
        D:2 |      18 |       0 |   0.0 |       6 |       0 |   0.0
        D:3 |       3 |       0 |   0.0 |       1 |       0 |   0.0
            +---------+---------+-------+---------+---------+-------

Skill      XL: |  1  2 |
---------------+-------+-----
Short Blades   | 1 |  1.6
Stealth        | 3 |  3.0
Dodging        | |  1.7
Spellcasting   | |  2.2
Hexes          | |  3.4
Ice Magic      | |  0.2

Action                     || total
---------------------------++-------
  Melee: Dagger            ||   126
   Cast: Ensorcelled Hiber ||     5
    Use: Scroll            ||     2
         Potion            ||     1
   Stab: Sleeping          ||     7
 Armour: Robe              ||    56
  Dodge: Dodged            ||    70

Illustrated notes

Table legend:
 A = Kills in this place as a percentage of kills in the entire game.
 B = Kills by you in this place as a percentage of kills by you in the entire game.
 C = Kills by friends in this place as a percentage of kills by friends in the entire game.
 D = Other kills in this place as a percentage of other kills in the entire game.
 E = Experience gained in this place as a percentage of experience gained in the entire game.
 F = Experience gained in this place divided by the number of levels of this place that you have seen.
                   A       B       C       D       E      F
               +-------+-------+-------+-------+-------+----------------------
         Total | 100.0 | 100.0 |   N/A |   N/A | 100.0 |  16.7
       Dungeon | 100.0 | 100.0 |   N/A |   N/A | 100.0 |  16.7
               +-------+-------+-------+-------+-------+----------------------

Table legend: (Time is in decaauts)
 A = Elapsed time spent in this place.
 B = Non-inter-level travel time spent in this place.
 C = Inter-level travel time spent in this place.
 D = Time resting spent in this place.
 E = Time spent auto-exploring this place.
 F = Levels seen in this place.
 G = Mean time per level.
                   A        B        C        D        E       F      G
               +--------+--------+--------+--------+--------+-----+--------+
         Total |   1313 |   1295 |     18 |     73 |    932 |   3 |  437.7 |
       Dungeon |   1313 |   1295 |     18 |     73 |    932 |   3 |  437.7 |
               +--------+--------+--------+--------+--------+-----+--------+

Top non-repeatable levels by time:
     D:1: 664 daAuts
     D:2: 607 daAuts
     D:3: 41 daAuts
